 Dungeon Crawl Stone Soup version bcrawl-1.27.6 (webtiles) character file.

Game seed: 1662265300107320240

159153 Faustar the Skirmisher (level 5, 0/35 HPs)
             Began as a Gargoyle Fighter on Oct 8, 2020.
             Killed by divine providence
             ... invoked by an orc priest
              (12 damage)
             ... on level 3 of the Dungeon.
             The game lasted 00:03:13 (1989 turns).

Faustar the Skirmisher (Gargoyle Fighter)           Turns: 1989, Time: 00:03:13

Health: 0/35       AC: 10    Str: 20    XL:     5   Next: 23%
Magic:  5/5        EV:  9    Int:  9    God:
Gold:   98         SH:  0    Dex:  9    Spells: 4/4 levels left

rFire    . . .     SeeInvis .   a - +0 flail
rCold    . . .     Gourm    .   (no shield)
rNeg     + . .     Faith    .   b - +0 scale mail
rPois    ∞         Spirit   .   (no helmet)
rElec    +         Reflect  .   (no cloak)
rCorr    .         Harm     .   (no gloves)
MR       .....                  (no boots)
Stlth    ..........             (no amulet)
HPRegen  0.11/turn              (no ring)
MPRegen  0.09/turn              (no ring)

@: no status effects
A: negative energy resistance 1, electricity resistance, unbreathing,
petrification resistance, rot immunity, AC +4
a: no special abilities


You were on level 3 of the Dungeon.
You were not hungry.

You visited 1 branch of the dungeon, and saw 3 of its levels.

You collected 98 gold pieces.

Inventory:

Hand Weapons
 a - a +0 flail (weapon)
Armour
 b - a +0 scale mail (worn)
 c - a +0 medium shield
 f - a +0 helmet
Jewellery
 n - an uncursed ring of insulation {unknown}
Scrolls
 g - 4 scrolls of teleportation {unknown}
 k - a scroll of enchant armour {unknown}
 l - a scroll of fear {unknown}
 m - 4 scrolls of identify
 o - a scroll of amnesia {unknown}
 r - a scroll of immolation {unknown}
 s - a scroll of remove curse {unknown}
Potions
 d - a potion of might
 h - a potion of curing {unknown}
 i - 3 potions of heal wounds {unknown}
 j - a potion of lignification {unknown}
 p - a potion of flight {unknown}
Comestibles
 e - 9 rations {!d}
 q - 2 chunks of flesh


   Skills:
 + Level 5.0 Fighting
 + Level 3.9 Maces & Flails
 - Level 3.2 Armour
 - Level 3.2 Shields


You had 4 spell levels left.
You didn't know any spells.
Your spell library was empty.

Dungeon Overview and Level Annotations

Branches:
Dungeon (3/12)

Altars:


Innate Abilities, Weirdness & Mutations

You are resistant to torment.
Your stone body is resilient. (AC +4)
You are immune to poison.
You resist negative energy. (rN+)
You are resistant to electric shocks. (rElec)
You can survive without breathing.
You are immune to petrification.
You are immune to rotting.


Message History

The orc priest is lightly wounded.
The orc barely misses you. The orc hits you but does no damage.
The orc priest calls down the wrath of Beogh upon you.
Beogh smites you! The orc hits you.
You closely miss the orc priest.
The orc priest is lightly wounded.
The orc barely misses you.
The orc priest hits you but does no damage.
The orc barely misses you.
You hit the orc priest.
The orc priest is heavily wounded.
The orc barely misses you.
The orc priest invokes the aid of Beogh against you.
Beogh smites you! The orc hits you but does no damage.
You hit the orc priest.
The orc priest is heavily wounded.
The orc misses you. The orc closely misses you.
The orc priest calls down the wrath of Beogh upon you.
Beogh smites you!
You die...

#.# .# #.#### .#
######....########.#
..........##.....#o#
###........[.###.#o#
###.##.#.##..# #.#o#
....##.#.##..###@#.#
##...........##ooo.#
#.###........)....#
#.# ###.##.###...##
#.# #.##.# ##.## #.#
#.##.# #.# .>(
.....# #.. .#.
#.#..# #### . .
#.#..#


You could see an orc priest and 2 orcs.

Vanquished Creatures
  A crimson imp (D:3)
  An orc priest (D:3)
  A worm (D:2)
  4 leopard geckos
  16 orcs
  2 giant cockroaches
  2 goblins
  3 hobgoblins
  6 jackals
  5 kobolds
  A quokka (D:1)
  2 ball pythons (D:2)
  4 bats
  A frilled lizard (D:1)
  2 rats (D:1)
51 creatures vanquished.

Notes
Turn   | Place    | Note
-------+----------+-------------------------------------------
     0 | D:1      | Faustar the Gargoyle Fighter began the quest for the Orb.
     0 | D:1      | Reached XP level 1. HP: 14/14 MP: 1/1
   133 | D:1      | Reached XP level 2. HP: 12/19 MP: 2/2
   812 | D:2      | Reached XP level 3. HP: 23/24 MP: 3/3
   847 | D:2      | Reached skill level 4 in Fighting
  1572 | D:2      | Reached XP level 4. HP: 15/30 MP: 4/4
  1820 | D:3      | Paralysed by fainting for 12 turns
  1853 | D:3      | Reached skill level 5 in Fighting
  1853 | D:3      | Reached XP level 5. HP: 16/35 MP: 5/5
  1989 | D:3      | Killed from afar by an orc priest

Skill      XL: |  1  2  3  4 |
---------------+-------------+-----
Fighting       | 4 5 |  5.0
Maces & Flails | 3 |  3.9
Armour         | |  3.2
Shields        | |  3.2

Action                   |  1- 3 |  4- 6 || total
-------------------------+-------+-------++-------
Melee: Flail             |   164 |    91 ||   255
  Eat: Chunk             |     6 |     6 ||    12
Armor: Scale mail        |   145 |    89 ||   234
Dodge: Dodged            |   118 |    59 ||   177
Block: Medium shield     |    26 |       ||    26
